 Dungeon Crawl Stone Soup version 0.18.1-50-g88ac8fd (webtiles) character file.

7963 PrimeGen the Grappler (level 11, -9/84 HPs)
             Began as a Demonspawn Berserker on Nov 14, 2016.
             Was a High Priest of Trog.
             Killed from afar by Sonja (18 damage)
             ... with a wand of lightning
             ... on level 10 of the Dungeon on Nov 15, 2016.
             The game lasted 01:23:37 (11273 turns).

PrimeGen the Grappler (Demonspawn Berserker)       Turns: 11273, Time: 01:23:37

Health: -9/84      AC: 16    Str: 17    XL:     11   Next: 3%
Magic:  0/3        EV: 10    Int: 12    God:    Trog [*****.]
Gold:   423        SH:  0    Dex: 19    Spells: 0 memorised, 10 levels left

rFire  + + .     SeeInvis +     Q - +5 rapier (antimagic)
rCold  + . .     Gourm    .     P - +0 chain mail
rNeg   . . .     Faith    .     (no shield)
rPois  .         Spirit   +     v - +0 helmet
rElec  .         Dismiss  .     (no cloak)
rCorr  .         Reflect  .     (no gloves)
SustAt .         Harm     .     X - +0 pair of boots
MR     +....                    l - amulet of the Stag {Spirit rF++ MR+ Int+2 Dex-2}
Stlth  ..........               U - +6 ring of dexterity
                                m - ring of see invisible

@: exhausted, slowed, very slow, somewhat resistant to hostile enchantments,
extremely unstealthy
A: claws 2, icy blue scales 3, spiny 1
a: Berserk, Trog's Hand, Brothers in Arms, Burn Spellbooks, Renounce Religion


You were on level 10 of the Dungeon.
You worshipped Trog.
Trog was extremely pleased with you.
You were hungry.

You visited 2 branches of the dungeon, and saw 13 of its levels.

You collected 462 gold pieces.
You spent 39 gold pieces at shops.

Inventory:

Hand Weapons
 p - a +4 dagger of speed
 t - a +2 short sword of protection
 G - a +3 shortbow
 O - a +1 vampiric dagger
 Q - a +5 antimagic rapier (weapon)
Missiles
 c - 24 poisoned needles
 h - 230 arrows
 i - 19 bolts
 r - 4 curare-tipped needles
Armour
 v - a +0 helmet (worn)
 P - a +0 chain mail (worn)
 X - a +0 pair of boots (worn)
Jewellery
 l - the amulet of the Stag (around neck) {Spirit rF++ MR+ Int+2 Dex-2}
   (You found it on level 9 of the Dungeon)

   [amulet of guardian spirit]

   It causes incoming damage to be split between your health and magic.
   It affects your intelligence (+2).
   It affects your dexterity (-2).
   It greatly protects you from fire.
   It affects your resistance to hostile enchantments.
 m - a ring of see invisible (left claw)
 A - a +3 ring of strength
 U - a +6 ring of dexterity (right claw)
Wands
 j - a wand of slowing (16/48)
 s - a wand of enslavement (15/24)
 x - a wand of paralysis (9/24)
 R - a wand of random effects (19/48)
 S - a wand of acid (4/15)
 V - a wand of iceblast (7/15)
Scrolls
 d - 3 scrolls of magic mapping
 C - 3 scrolls of enchant armour
 F - 2 scrolls of immolation
 K - a scroll of remove curse
 N - 3 scrolls of teleportation
Potions
 e - 3 potions of curing
 f - a potion of haste {unknown}
 g - a potion of might {unknown}
 k - 2 potions of magic {unknown}
 n - 4 potions of heal wounds {unknown}
 o - a potion of degeneration {unknown}
 z - 2 potions of lignification {unknown}
 D - 2 potions of cancellation {unknown}
 I - a potion of berserk rage {unknown}
 M - 2 potions of brilliance {unknown}
 Y - 2 potions of invisibility {unknown}
Miscellaneous
 a - a crystal ball of energy
Comestibles
 b - 7 bread rations
 q - 6 beef jerkies
 w - 4 meat rations
 L - 7 slices of pizza


   Skills:
 + Level 7.5 Fighting
 * Level 5.0 Short Blades
 + Level 5.8 Armour
 + Level 7.1 Dodging
 - Level 1.2 Stealth
 + Level 10.3 Unarmed Combat


You had 10 spell levels left.
You didn't know any spells.

Dungeon Overview and Level Annotations

Branches:
Dungeon (12/15)            Temple (1/1) D:5
   Lair: D:8-11         Orc: D:9-12

Altars:
Ashenzari
Cheibriados
Dithmenos
Elyvilon
Kikubaaqudgha
Okawaru
Qazlal
Ru
Sif Muna
Trog
Vehumet
Xom
Yredelemnul
Zin

Shops:
D:6 *

Annotations:
D:10 Sonja


Innate Abilities, Weirdness & Mutations

You have very sharp fingernails.
You are completely covered in icy blue scales (AC +4, EV -1, rC+).
You are partially covered in sharp spines.


Message History

Sonja gestures wildly while chanting.
Sonja blinks!
Sonja unwields an uncursed dagger of distortion.
Its appearance distorts for a moment.
Sonja wields an uncursed blowgun.
Sonja shoots a curare-tipped needle.
The curare-tipped needle completely misses you.
You feel a strong urge to attack something.
Sonja casts a spell.
Sonja blinks!
You feel your anger subside.
You are no longer berserk.
You are exhausted.
You feel yourself slow down.
You are feeling hungry.
Sonja zaps a wand.
The bolt of lightning hits you!
* * * LOW HITPOINT WARNING * * *
Sonja shoots a curare-tipped needle.
The curare-tipped needle closely misses you.
You see here a curare-tipped needle.
Sonja zaps a wand.
The bolt of lightning hits you!
You die...

....................#
......K.............#
....................#
##.#.##..####.#...#.
#. #..# #...####.# #.
#..# #........#
.##..###...######
..#(............
#.#@####...##### #
#.#.# #...#
#.##.#.####...#
#......(...####
####.#.###.# #.#.# .#
#.#.# #.#.# #.#.#


You could see Sonja.

Vanquished Creatures
  An unseen horror (D:12)
  Pikel (D:8)
  The ghost of Xeneth the Archer, a novice CeHu of Qazlal (D:4)
  The ghost of Beleg the Insei, a novice HuMo of Zin (D:7)
  An ugly thing (D:12)
  Psyche (D:8)
  2 two-headed ogres
  A wyvern (D:9)
  A human (D:7)
  A yak (D:7)
  2 hippogriffs
  A water moccasin (D:5)
  4 slaves (D:8)
  2 black bears (D:9)
  2 ice beasts
  A sky beast (D:9)
  2 orc warriors
  A wasp (D:10)
  An eye of draining (D:8)
  3 phantoms
  A necrophage (D:9)
  4 centaurs
  5 ogres
  5 giant frogs
  3 scorpions
  6 killer bees
  3 wights (D:6)
  3 howler monkeys (D:7)
  3 crimson imps
  3 hounds
  2 jellies
  5 orc priests
  3 iguanas
  10 orc wizards
  11 worker ants
  3 sheep (D:7)
  2 hound skeletons
  Robin (D:3)
  6 adders
  5 gnolls
  A howler monkey skeleton (D:4)
  A shadow imp (D:5)
  3 oozes
  An adder zombie (D:8)
  A worm (D:2)
  A dart slug (D:2)
  4 giant geckos
  39 orcs
  12 giant cockroaches
  18 goblins
  13 hobgoblins
  8 jackals
  3 quokkas
  10 bats
  6 giant newts
  A jackal skeleton (D:4)
  7 kobolds
  6 rats
249 creatures vanquished.

Vanquished Creatures (others)
  A fungus (D:5)
  A plant (D:5)
2 creatures vanquished.

Grand Total: 251 creatures vanquished

Notes
Turn   | Place    | Note
--------------------------------------------------------------
     0 | D:1      | PrimeGen the Demonspawn Berserker began the quest for the Orb.
     0 | D:1      | Reached XP level 1. HP: 18/18 MP: 1/1
   119 | D:1      | Reached skill level 3 in Unarmed Combat
   575 | D:1      | Gained mutation: You are partially covered in icy blue scales (AC +1). [demonic ancestry]
   575 | D:1      | Reached XP level 2. HP: 20/24 MP: 2/2
   971 | D:1      | Gained mutation: You are mostly covered in icy blue scales (AC +3, EV -1). [demonic ancestry]
   971 | D:1      | Reached XP level 3. HP: 21/29 MP: 3/3
  1440 | D:2      | Reached ** piety under Trog
  1784 | D:2      | Gained mutation: You have sharp fingernails. [demonic ancestry]
  1784 | D:2      | Reached XP level 4. HP: 21/35 MP: 4/4
  2236 | D:2      | Reached skill level 4 in Unarmed Combat
  2384 | D:3      | HP: 1/35 [orc priest/nerve-wracking pain (2)]
  2392 | D:2      | HP: 1/35 [orc/club (1)]
  3004 | D:3      | Gained mutation: You are completely covered in icy blue scales (AC +4, EV -1, rC+). [demonic ancestry]
  3004 | D:3      | Reached XP level 5. HP: 42/42 MP: 5/5
  3025 | D:3      | Reached *** piety under Trog
  3529 | D:3      | Found a snail-covered altar of Cheibriados.
  3565 | D:3      | Noticed Robin
  3589 | D:3      | Killed Robin
  3592 | D:3      | Reached **** piety under Trog
  3903 | D:3      | Found a radiant altar of Vehumet.
  4129 | D:4      | Noticed Xeneth's ghost (novice CeHu)
  4146 | D:4      | Killed Xeneth's ghost
  4146 | D:4      | Reached skill level 1 in Stealth
  4146 | D:4      | Reached skill level 6 in Unarmed Combat
  4146 | D:4      | Gained mutation: You have very sharp fingernails. [demonic ancestry]
  4146 | D:4      | Reached XP level 6. HP: 37/48 MP: 6/6
  4146 | D:4      | Reached XP level 7. HP: 42/54 MP: 7/7
  4461 | D:4      | Found a sacrificial altar of Ru.
  4888 | D:4      | Gained mutation: You are partially covered in sharp spines. [demonic ancestry]
  4888 | D:4      | Reached XP level 8. HP: 61/61 MP: 8/8
  5188 | D:4      | Reached skill level 7 in Unarmed Combat
  5272 | D:4      | Found a stormy altar of Qazlal.
  5272 | D:4      | Found a glowing silver altar of Zin.
  5302 | D:5      | Entered Level 5 of the Dungeon
  5314 | D:5      | Reached skill level 5 in Fighting
  5423 | D:5      | Found a shattered altar of Ashenzari.
  5428 | D:5      | Saw a vision of the Swamp and the Spider Nest.
  5428 | D:5      | Noticed a wolf spider
  5428 | D:5      | Noticed a wolf spider
  5428 | D:5      | Noticed an alligator
  5430 | D:5      | Noticed a wolf spider
  5635 | D:5      | Found a shadowy altar of Dithmenos.
  5741 | D:5      | Found an ancient bone altar of Kikubaaqudgha.
  5874 | D:5      | Reached ***** piety under Trog
  6159 | D:5      | Reached skill level 8 in Unarmed Combat
  6194 | D:5      | Found a staircase to the Ecumenical Temple.
  6263 | D:5      | Found a bloodstained altar of Trog.
  6401 | Temple   | Entered the Ecumenical Temple
  6618 | D:6      | Found Yqin's General Store.
  6630 | D:6      | Bought a scroll of remove curse for 39 gold pieces
  6658 | D:6      | Reached skill level 5 in Dodging
  6693 | D:6      | Found a basalt altar of Yredelemnul.
  7014 | D:6      | Reached XP level 9. HP: 68/68 MP: 9/9
  7404 | D:7      | Reached skill level 9 in Unarmed Combat
  7792 | D:7      | Noticed Beleg's ghost (novice HuMo)
  7807 | D:7      | Killed Beleg's ghost
  7867 | D:7      | Received a gift from Trog
  8445 | D:8      | Reached skill level 10 in Unarmed Combat
  8526 | D:8      | Noticed Psyche
  8534 | D:8      | Killed Psyche
  8534 | D:8      | Reached XP level 10. HP: 74/77 MP: 3/10
  8561 | D:8      | Noticed Pikel
  8585 | D:8      | Killed Pikel
  8585 | D:8      | Reached skill level 1 in Short Blades
  9694 | D:9      | Reached skill level 5 in Armour
  9958 | D:9      | You fall through a shaft for 3 floors!
 10052 | D:12     | Noticed an unseen horror
 10070 | D:12     | Killed an unseen horror
 10084 | D:12     | Noticed a purple ugly thing
 10112 | D:12     | Killed a purple ugly thing
 10372 | D:10     | Entered Level 10 of the Dungeon
 10668 | D:9      | Reached XP level 11. HP: 57/84 MP: 3/11
 10964 | D:9      | Found a white marble altar of Elyvilon.
 10968 | D:9      | Found an iron altar of Okawaru.
 10974 | D:9      | Got a warped ruby amulet
 10976 | D:9      | Identified the amulet of the Stag {Spirit rF++ MR+ Int+2 Dex-2} (You found it on level 9 of the Dungeon)
 11207 | D:10     | Reached skill level 5 in Short Blades
 11246 | D:10     | Noticed Sonja
 11273 | D:10     | Killed from afar by Sonja

Skill      XL: |  1  2  3  4  5  6  7  8  9 10 11 |
---------------+----------------------------------+-----
Unarmed Combat | 3 4 6 8 10 | 10.3
Dodging        | 2 3 5 6 7 |  7.1
Armour         | 2 3 4 5 |  5.8
Fighting       | 4 5 6 7 |  7.5
Stealth        | 1 |  1.2
Short Blades   | 4 5 |  5.0

Action                   |  1- 3 |  4- 6 |  7- 9 | 10-12 || total
-------------------------+-------+-------+-------+-------++-------
Melee: Unarmed           |   158 |   183 |   283 |       ||   624
       Punch             |     3 |     4 |    15 |     9 ||    31
       Rapier            |       |       |    15 |   203 ||   218
Invok: Berserk           |       |     3 |     3 |     2 ||     8
       Burn Spellbooks   |       |     2 |     1 |     1 ||     4
       Trog's Hand       |       |       |       |     1 ||     1
  Use: Scroll            |       |     7 |     7 |     5 ||    19
 Stab: Sleeping          |     4 |     1 |     1 |       ||     6
  Eat: Chunk             |     3 |     6 |    10 |     5 ||    24
       Meat ration       |       |     1 |     1 |     1 ||     3
       Royal jelly       |       |     1 |       |       ||     1
Armor: Animal skin       |    14 |       |       |       ||    14
       Leather armour    |    34 |    56 |    58 |       ||   148
       Chain mail        |       |       |    13 |   117 ||   130
Dodge: Dodged            |    94 |    86 |   138 |   107 ||   425
